cohdb
Replays
Latest Replays
All Replays
Popular Replays
Top Player Replays
Match Explorer
How It Works
Community
CoH3 Stats
Reddit
Sign in to upload your games and track your stats! →
Sign in with Steam
Match 43067829
Unlisted
Match 43067829
Overview
Messages
Build Orders
End
Scout Squad
Construct Barracks
M1 Mortar Team
Riflemen Squad
Riflemen Squad
Air Support Center
Selects Airborne Battlegroup
Selects Heavy Machine Gun Paradrop
Selects Paratrooper Squad Paradrop
Heavy Machine Gun Paradrop
Grenade Package
P-47 Strafing Run
Heavy Machine Gun Paradrop
P-47 Dive Bomb
Construct Motor Pool
Grasshopper Recon Run
M8 Greyhound Armored Car
P-47 Strafing Run
Riflemen Squad
Selects Anti-tank Gun Team Paradrop
Anti-tank Gun Team Paradrop
Engineer Squad
M24 Chaffee Light Tank
P-47 Strafing Run
P-47 Strafing Run
Anti-tank Gun Team Paradrop
XuZhongwei
fary2
0
0
Comments
sign in to comment!
No comments posted yet!